 Dungeon Crawl Stone Soup version 0.26.1-11-gd32895ea62 (webtiles) character file.

Game seed: 11887016295425796834

732 Zeld the Caller (level 7, -4/41 HPs)
             Began as an Octopode Summoner on May 10, 2021.
             Slain by an orc wizard
             ... wielding a cursed -1 morningstar
              (14 damage)
             ... on level 4 of the Dungeon.
             The game lasted 00:16:10 (10471 turns).

Zeld the Caller (Octopode Summoner)                Turns: 10471, Time: 00:16:10

Health: -4/41      AC:  1    Str:  8    XL:     7   Next: 73%
Magic:  1/12       EV: 15    Int: 19    God:
Gold:   272        SH:  0    Dex: 12    Spells: 4/13 levels left

rFire    . . .     SeeInvis .   (no weapon)
rCold    + . .     Faith    .   (no shield)
rNeg     . . .     Spirit   .   (helmet restricted)
rPois    +         Reflect  .   g - amulet of magic regeneration
rElec    .         Harm     .   n - ring of resist corrosion
rCorr    +         Rampage  .   l - ring of poison resistance
Will     .....                  c - ring of protection from cold
Stlth    +++.......             (no ring)
HPRegen  0.13/turn              (no ring)
MPRegen  0.38/turn              (no ring)
                                (no ring)
                                (no ring)

@: no status effects
A: almost no armour, stealthy swim, amphibious, 8 rings, constrict 8, camouflage
1, gelatinous body 1
a: no special abilities


You were on level 4 of the Dungeon.
You visited 1 branch of the dungeon, and saw 6 of its levels.

You collected 272 gold pieces.

Inventory:

Jewellery
 c - a ring of protection from cold (on tentacle)
 g - an amulet of magic regeneration (around mantle)
 l - a ring of poison resistance (right tentacle)
 n - a ring of resist corrosion (left tentacle)
Wands
 o - a wand of enslavement (8)
 r - a wand of polymorph (7)
Scrolls
 a - a scroll of remove curse
 b - a scroll of noise {unknown}
 e - 2 scrolls of teleportation
 k - a scroll of enchant armour
 m - a scroll of fog {unknown}
Potions
 d - 2 potions of ambrosia {unknown}
 f - 2 potions of haste {unknown}
 h - 2 potions of magic {unknown}
 i - a potion of berserk rage {unknown}
 j - 2 potions of flight {unknown}
 p - a potion of curing {unknown}
 q - a potion of heal wounds
 s - 2 potions of attraction {unknown}


   Skills:
 + Level 4.2 Dodging
 - Level 2.6 Stealth
 + Level 3.9 Spellcasting
 + Level 2.5 Hexes
 * Level 6.8 Summonings


You had 4 spell levels left.
You knew the following spells:

 Your Spells              Type           Power        Failure   Level
a - Summon Small Mammal   Summ           100%         1%          1
b - Call Imp              Summ           29%          1%          2
c - Call Canine Familiar  Summ           29%          2%          3
d - Summon Guardian Gole  Hex/Summ       21%          6%          3

Your spell library contained the following spells:

 Spells                   Type           Power        Failure   Level
 Summon Ice Beast         Ice/Summ       16%          32%         4
 Summon Lightning Spire   Summ/Air       16%          32%         4


Dungeon Overview and Level Annotations

Branches:
Dungeon (6/15)
 Temple: D:4-7

Altars:

Shops:
D:5 :

Annotations:
D:6 Grinder


Innate Abilities, Weirdness & Mutations

You cannot wear most types of armour.
You are very stealthy in the water. (Stealth+)
You are amphibious.
You can wear up to eight rings at the same time.
You can use your tentacles to constrict eight enemies at once.
Your skin changes colour to match your surroundings (Stealth+).
Your rubbery body absorbs attacks. (AC +1, EV +1)


Message History

Your hound barely misses the orc wizard.
The orc wizard barely misses you.
Your shadow imp misses the orc wizard.
The orc wizard hits your shadow imp but does no damage.
Your hound bites the orc wizard but does no damage.
The orc wizard casts a spell at your hound.
The puff of frost misses your hound.
Your hound misses the orc wizard.
Your shadow imp misses the orc wizard.
The orc wizard hits your shadow imp but does no damage.
You climb upwards.
Your summoned allies are left behind.
There is a stone staircase leading down here.
You are too injured to fight recklessly!
Casting: Call Imp (safe; 1% risk of failure)
Confirm with . or Enter, or press ? or * to list all spells.
The orc wizard hits your hound with a cursed -1 morningstar!
Casting: Call Canine Familiar (dangerous; 2% risk of failure)
Confirm with . or Enter, or press ? or * to list all spells.
The orc wizard drinks a potion.
The orc wizard is healed!
Your hound bites the orc wizard.
The orc wizard hits you with a cursed -1 morningstar!
You die...

####... #....#. ######. #...
######### #.## #.......# #.# #
#.....>.# #.# ### #.r.....#
##.# ..###########...@...# #..#
#..............o....# ##.##
#############.h..(..# ###..#
#.......# ###...##
###########.......# #...###
#...).............# #.########
#.###.#.#.#.......####.#.......
#.#.......####.##)..#..########
#.#.......#..#.............#


You could see an orc wizard (fast), a friendly hound (summoned) and a friendly
quokka (summoned).

Vanquished Creatures
  A hound (D:4)
  2 worker ants
  A hound skeleton (D:5)
  An adder (D:4)
  A white imp (D:5)
  2 oozes
  An adder zombie (D:3)
  A worm (D:2)
  A dart slug (D:2)
  2 leopard geckos
  2 orcs (D:4)
  4 bats
  5 giant cockroaches
  A goblin (D:2)
  2 hobgoblins (D:2)
  3 jackals (D:2)
  A quokka (D:4)
  A frilled lizard (D:2)
  4 kobolds
  3 rats
39 creatures vanquished.

Vanquished Creatures (collateral kills)
  Sigmund (D:2)
  Duvessa (D:4)
  An ice beast (D:5)
  2 ogres
  A phantom (D:4)
  A centaur (D:5)
  Dowan (D:3)
  A jelly (D:3)
  An orc priest (D:4)
  2 iguanas
  Terence (D:2)
  Ijyb (D:5)
  An orc wizard (D:3)
  A worker ant (D:6)
  A nameless horror (D:2)
  A hound zombie (D:5)
  2 adders
  A white imp (D:5)
  An ufetubus (D:5)
  12 oozes
  2 worms
  3 dart slugs (D:2)
  2 leopard geckos
  6 orcs
  A ball python (D:1)
  5 bats
  3 giant cockroaches
  3 hobgoblins
  5 jackals
  2 quokkas
  3 frilled lizards (D:1)
  2 goblins (D:1)
  13 kobolds
  4 rats
88 creatures vanquished.

Vanquished Creatures (others)
  6 fungi (D:3)
  A plant (D:5)
  11 toadstools (D:3)
18 creatures vanquished.

Grand Total: 145 creatures vanquished

Notes
Turn   | Place    | Note
-------+----------+-------------------------------------------
     0 | D:1      | Zeld the Octopode Summoner began the quest for the Orb.
     0 | D:1      | Reached XP level 1. HP: 11/11 MP: 3/3
   304 | D:1      | Reached XP level 2. HP: 17/17 MP: 3/5
   312 | D:1      | Learned a level 2 spell: Call Imp
   823 | D:1      | Reached XP level 3. HP: 21/21 MP: 3/6
   827 | D:1      | Learned a level 3 spell: Call Canine Familiar
  1367 | D:2      | Noticed Sigmund
  1752 | D:2      | Noticed Terence
  1763 | D:2      | Killed Terence
  2269 | D:2      | Reached XP level 4. HP: 27/27 MP: 7/7
  2432 | D:2      | Noticed a nameless horror
  3002 | D:2      | Killed a nameless horror
  3236 | D:2      | Reached skill level 5 in Summonings
  3543 | D:2      | Killed Sigmund
  3544 | D:2      | Reached XP level 5. HP: 31/31 MP: 2/9
  3641 | D:2      | Learned a level 3 spell: Summon Guardian Golem
  5409 | D:3      | Reached XP level 6. HP: 7/36 MP: 8/10
  6156 | D:3      | Reached skill level 1 in Hexes
  6920 | D:4      | Noticed a phantom
  7026 | D:4      | Killed a phantom
  7027 | D:4      | Reached skill level 6 in Summonings
  7286 | D:4      | Noticed Dowan
  7332 | D:4      | Noticed Duvessa
  8108 | D:4      | Killed Duvessa
  8257 | D:3      | Killed Dowan
  8258 | D:3      | Reached XP level 7. HP: 29/41 MP: 2/12
  8764 | D:5      | Entered Level 5 of the Dungeon
  8764 | D:5      | Noticed Ijyb
  9278 | D:5      | You fall into a shaft and drop 1 floor!
  9484 | D:6      | Noticed Grinder
  9818 | D:5      | Found Naawkozace's Book Emporium.
 10041 | D:5      | Killed Ijyb
 10115 | D:4      | HP: 2/41 [orc priest/nerve-wracking pain (8)]
 10471 | D:4      | Slain by an orc wizard

Illustrated notes

Levels and vault maps discovered:
D:1:      nagdon_arrival_double_spiral, layout_basic
D:2:      minmay_door_path, layout_loops_corners, serial_glass, glass_columns_b,
          glass_columns_a, glass_columns_b, glass_columns_a, feat_on_display,
          minmay_strange_pillars, due_unseen_surprise, uniq_sigmund,
          uniq_terence
D:3:      cheibrodos_fertilizer, layout_basic
D:4:      layout_rooms, serial_park_tiny_2, st_stairs_14, minmay_crystal_room,
          uniq_duvessa
D:5:      layout_cave_pools, minmay_temple_entry_gardened_gates, serial_shops,
          nicolae_shop_stone, serial_co_window_serial, co_window_paths_a,
          co_window_of_opportunity_a, co_window_corner_a, co_window_paths_b,
          co_window_of_opportunity_a, co_window_paths_c, co_window_corner_cb,
          co_window_corner_cb, co_window_cross_2, co_window_corner_ca,
          co_window_broadway_b, co_window_4corner_b, uniq_ijyb, uniq_pikel
D:6:      layout_cave_pods, cheibriados_altar_1, uniq_grinder,
          uniq_prince_ribbit1

Skill      XL: |  1  2  3  4  5  6  7 |
---------------+----------------------+-----
Summonings     | 5 6 |  6.8
Dodging        | 3 4 |  4.2
Spellcasting   | 3 |  3.9
Hexes          | 1 2 |  2.5
Stealth        | |  2.6

Action                   |  1- 3 |  4- 6 |  7- 9 || total
-------------------------+-------+-------+-------++-------
Melee: Unarmed           |    49 |   117 |    19 ||   185
       Constrict         |    13 |    26 |     5 ||    44
       Tentacles         |     5 |    16 |     5 ||    26
 Cast: Summon Small Mamm |    10 |       |     1 ||    11
       Call Imp          |    27 |    37 |    25 ||    89
       Call Canine Famil |     1 |    32 |    26 ||    59
  Use: Scroll            |       |     8 |     2 ||    10
 Stab: Sleeping          |     2 |     3 |       ||     5
Armor: Skin              |     9 |    11 |       ||    20
Dodge: Dodged            |    45 |   105 |    19 ||   169
